Map: Zen LE

Players

TLHarstem (Harstem)

  • Race: Protoss Protoss
  • League: Master
  • Spawn Location: 7:00

LiquidClem (Clem) - Winner!

  • Race: Terran Terran
  • League: Grandmaster
  • Spawn Location: 1:00

Event: StayAtHomestory Cup #1

VOD

Have the link to the VOD?

Description

Time

  • Played on: April 10, 2020, 11:39 a.m.
  • Length: 4:25

All games in this series

Show
View Real Time Build Order
Export as new Build Order

TLHarstem Protoss 

Build Orders: 1 Gate Expand, Oracle Opening 

Get SALT Encoding   

  12  0:00  Probe  
  13  0:13  Probe  
  14  0:18  Pylon  
  14  0:25  Probe  
  15  0:37  Probe (Chrono Boost), Gateway  
  16  0:47  Probe (Chrono Boost), Assimilator  
  17  0:51  Probe (Chrono Boost)  
  18  1:03  Probe  
  19  1:15  Probe  
  20  1:24  Nexus  
  20  1:34  Cybernetics Core  
  20  1:38  Probe  
  21  1:42  Assimilator  
  21  1:50  Probe  
  21  1:52  Pylon  
  22  2:02  Probe  
  22  2:07  Adept (Chrono Boost)  
  23  2:14  Probe  
  26  2:15  Stargate  
  26  2:24  Warp Gate  
  26  2:26  Probe (Chrono Boost)  
  27  2:30  Adept  
  27  2:35  Probe (Chrono Boost)  
  30  2:38  Probe (Chrono Boost)  
  31  2:46  Probe (Chrono Boost)  
  31  2:47  Probe (Chrono Boost)  
  33  2:55  Probe  
  34  2:59  Probe, Oracle  
  38  3:07  Probe  
  38  3:11  Probe  
  38  3:12  Shield Battery  
  40  3:19  Probe  
  41  3:23  Probe  
  42  3:31  Probe  
  43  3:36  Probe  
  43  3:41  Oracle (Chrono Boost)  
  45  3:46  Probe  
  45  3:51  Probe  
  45  3:54  Pylon  
  41  3:58  Probe  
  42  4:03  Probe  
  43  4:11  Probe  
  43  4:14  Adept  
Show
View Real Time Build Order
Export as new Build Order

LiquidClem Terran - Winner!

Build Orders: Reaper Expand 

Get SALT Encoding   

  12  0:00  SCV  
  13  0:12  SCV  
  14  0:17  Supply Depot  
  14  0:25  SCV  
  15  0:38  SCV  
  15  0:39  Barracks  
  16  0:43  Refinery  
  16  0:50  SCV  
  17  1:02  SCV  
  18  1:15  SCV  
  19  1:26  Reaper  
  19  1:27  Orbital Command  
  20  1:41  Command Center  
  20  1:49  Supply Depot  
  20  1:53  SCV  
  21  1:58  Marine  
  22  2:08  Bunker  
  22  2:13  Factory  
  22  2:16  SCV  
  22  2:21  Barracks Reactor  
  23  2:27  Refinery  
  23  2:29  SCV  
  24  2:41  SCV  
  25  2:53  SCV  
  25  2:55  Orbital Command  
  25  2:58  Starport  
  26  3:04  Hellion  
  30  3:05  Hellion  
  30  3:08  Barracks Tech Lab  
  30  3:11  SCV  
  31  3:22  SCV  
  31  3:24  SCV  
  33  3:34  SCV  
  33  3:35  Viking  
  33  3:36  SCV  
  37  3:43  Marine x2  
  37  3:44  Cyclone  
  37  3:46  SCV  
  37  3:48  Supply Depot  
  43  3:49  SCV  
  44  3:58  SCV  
  44  4:01  Marine  
  46  4:05  SCV  
  49  4:10  SCV  
  49  4:14  Supply Depot  
Tags
 
Add a new tag
Caveats
  • Supply blocks, unpowered buildings, or Contaminate may cause inaccurate times.
  • Supply counts are checked every 10 seconds.